 Dungeon Crawl Stone Soup version 0.28-a0-1567-g1695149f81 (webtiles) character file.

Game seed: 8363129934650843004

1831 southernslant the Poker (level 9, -4/46 HPs)
             Began as a Vine Stalker Fighter on Jan 20, 2022.
             Slain by Maggie (10 damage)
             ... on level 6 of the Dungeon.
             The game lasted 00:10:08 (3117 turns).

southernslant the Poker (Vine Stalker Fighter)      Turns: 3117, Time: 00:10:09

Health: -4/46      AC:  9    Str: 22    XL:     9   Next: 11%
Magic:  0/10       EV: 11    Int: 14    God:
Gold:   327        SH:  5    Dex: 15    Spells: 8/8 levels left

rFire   . . .      SeeInvis .   a - +0 trident
rCold   . . .      Faith    .   c - +0 buckler
rNeg    + + .      Spirit   +   s - +1 scale mail of the Elephant {rN++ Int+6}
rPois   .          Reflect  .   (no helmet)
rElec   .          Harm     .   (no cloak)
rCorr   .          Rampage  .   (no gloves)
Will    ++...                   r - +0 pair of boots
Stlth   +.........              (no amulet)
HPRegen 0.95/turn               j - ring of willpower
MPRegen 0.12/turn               (no ring)

@: no status effects
A: fangs 3, regeneration 1, magic shield, antimagic bite, no potion heal 2
a: no special abilities


You were on level 6 of the Dungeon.
You visited 1 branch of the dungeon, and saw 6 of its levels.

You collected 327 gold pieces.

Inventory:

Hand Weapons
 a - a +0 trident (weapon)
 y - a +3 flail of protection
Missiles
 f - 167 stones
 g - 9 poisoned darts
 m - 2 boomerangs
Armour
 c - a +0 buckler (worn)
 r - a +0 pair of boots (worn)
 s - the +1 scale mail of the Elephant (worn) {rN++ Int+6}
   (You took it off an orc on level 3 of the Dungeon)

   Int:       It affects your intelligence (+6).
   rN:        It greatly protects you from negative energy.
 t - an orb of light
 D - a +0 cloak
 E - a +2 ring mail of fire resistance
Magical Staves
 v - a staff of earth
Jewellery
 d - a ring of poison resistance
 j - a ring of willpower (left hand)
 o - a ring of flight
Wands
 w - a wand of polymorph (10)
 x - a wand of acid (2) (quivered)
Scrolls
 b - a scroll of vulnerability {unknown}
 h - 4 scrolls of teleportation {unknown}
 k - a scroll of brand weapon {unknown}
 l - 4 scrolls of identify {unknown}
 n - a scroll of fear {unknown}
 q - a scroll of magic mapping {unknown}
 u - 3 scrolls of noise {unknown}
Potions
 e - 2 potions of mutation {unknown}
 i - 3 potions of curing {unknown}
 p - a potion of lignification {unknown}
 z - a potion of brilliance {unknown}
 A - a potion of attraction {unknown}
 B - a potion of degeneration {unknown}
 C - 2 potions of invisibility {unknown}


   Skills:
 + Level 4.4 Fighting
 * Level 5.1 Polearms
 + Level 3.1 Throwing
 * Level 4.6 Armour
 * Level 4.2 Dodging
 + Level 2.1 Stealth
 + Level 4.4 Shields
 + Level 1.4 Evocations


You had 8 spell levels left.
You didn't know any spells.
Your spell library contained the following spells:

 Spells                   Type           Power      Damage    Failure   Level
 Slow                     Hex            0%         N/A       67%         1
 Confusing Touch          Hex            0%         N/A       95%         3
 Vampiric Draining        Necr           0%         2d6       95%         3


Dungeon Overview and Level Annotations

Branches:
Dungeon (6/15)             Temple (0/1) D:6

Altars:
Trog
Vehumet

Shops:
D:2 (

Annotations:
D:6 Maggie


Innate Abilities, Weirdness & Mutations

You have razor-sharp teeth.
Your natural rate of healing is unusually fast.
When hurt, damage is shared between your health and your magic reserves.
Your bite disrupts and absorbs the magic of your enemies.
Potions cannot restore your health.


Message History

Eustachio misses you. You block the rat's attack.
Aiming: Corrosive Bolt
Press: ? - help, Q - select action, (/) - cycle Shift-Dir - straight line, f/p - Eustachio
Aim: Eustachio, wielding a +2 falchion of draining and wearing a +0 leather armour (almost dead, covered in acid, 60% to hit)
The bolt of acid hits Eustachio!!
Eustachio seems to be corroded for longer.
You kill Eustachio!
The river rat disappears in a puff of smoke!
The rat disappears in a puff of smoke!
The river rat disappears in a puff of smoke!
The bat disappears in a puff of smoke!
Maggie hits you with a +1 scimitar of flaming!
Maggie burns you.
Your Stealth skill increases to level 2!
You barely miss Maggie. Your bite misses Maggie.
Maggie is lightly wounded.
Maggie completely misses you.
Maggie hits you with a +1 scimitar of flaming!
* * * LOW HITPOINT WARNING * * *
Maggie burns you.
* * * LOW HITPOINT WARNING * * *
Aiming: Corrosive Bolt
Press: ? - help, Q - select action, (/) - cycle Shift-Dir - straight line, f - Maggie
Aim: Maggie, wielding a +1 scimitar of flaming and wearing +0 steam dragon scales (lightly wounded, 71% to hit)
The bolt of acid hits Maggie!
Maggie is moderately wounded.
You block Maggie's attack.
Aiming: Corrosive Bolt
Press: ? - help, Q - select action, (/) - cycle Shift-Dir - straight line, f/p - Maggie
Aim: Maggie, wielding a +1 scimitar of flaming and wearing +0 steam dragon scales (moderately wounded, 71% to hit)
The bolt of acid hits Maggie.
Maggie is heavily wounded.
Maggie closely misses you.
Aiming: Corrosive Bolt
Press: ? - help, Q - select action, (/) - cycle Shift-Dir - straight line, f/p - Maggie
Aim: Maggie, wielding a +1 scimitar of flaming and wearing +0 steam dragon scales (heavily wounded, 71% to hit)
The bolt of acid hits Maggie!
Maggie is severely wounded.
Maggie hits you with a +1 scimitar of flaming!
You die...

......#.........
.....##........# #.. .#
.....#.........##..###..
#......(####....#.......
........###.............
........................
..#.....................
.##..#.......#...)..#...
##...##.##......@@.....!
##...##..#......#####..#
#..###..........#
...#.##.........#
.(.............##
..............##
...##....#.....#
....>##.###...###
......####......#


You could see Maggie.

Vanquished Creatures
  Grinder (D:4)
  Sigmund (D:3)
  Eustachio (D:6)
  A steam dragon (D:6)
  Edmund (D:6)
  2 ice beasts (D:6)
  2 black bears
  A necrophage (D:4)
  2 ogres
  A phantom (D:5)
  A scorpion (D:5)
  A jelly (D:5)
  A bullfrog zombie (D:6)
  A hound (D:3)
  2 bullfrog skeletons
  2 iguanas
  A hound zombie (D:5)
  4 adders
  2 ufetubi
  An adder skeleton (D:2)
  2 orcs (D:3)
  8 endoplasms
  3 giant cockroaches (D:2)
  5 hobgoblins
  5 quokkas
  7 ball pythons
  5 bats
  4 frilled lizards
  5 goblins
  A jackal skeleton (D:4)
  10 kobolds
  6 rats
90 creatures vanquished.

Vanquished Creatures (others)
  5 toadstools (D:4)
5 creatures vanquished.

Grand Total: 95 creatures vanquished

Notes
Turn   | Place    | Note
-------+----------+-------------------------------------------
     0 | D:1      | southernslant the Vine Stalker Fighter began the quest for
                  | the Orb.
     0 | D:1      | Reached XP level 1. HP: 11/11 MP: 2/2
   123 | D:1      | Reached XP level 2. HP: 16/16 MP: 3/3
   175 | D:1      | Reached skill level 2 in Polearms
   264 | D:1      | Found a faded altar of an unknown god.
   538 | D:2      | Noticed a black bear
   656 | D:1      | Killed a black bear
   657 | D:1      | Reached skill level 1 in Throwing
   657 | D:1      | Reached skill level 1 in Dodging
   657 | D:1      | Reached XP level 3. HP: 2/20 MP: 1/4
   657 | D:1      | Gained mutation: Your natural rate of healing is unusually
                  | fast. [Vine Stalker growth]
   657 | D:1      | Reached XP level 4. HP: 3/24 MP: 1/5
   839 | D:2      | Reached XP level 5. HP: 28/28 MP: 6/6
   849 | D:2      | Found Oluproum's Antique Weapon Boutique.
   949 | D:2      | Noticed an ogre
   960 | D:2      | Killed an ogre
   961 | D:2      | Reached skill level 3 in Polearms
  1239 | D:3      | Reached XP level 6. HP: 22/32 MP: 7/7
  1264 | D:3      | Noticed Sigmund
  1279 | D:3      | Killed Sigmund
  1513 | D:3      | Found a bloodstained altar of Trog.
  1632 | D:3      | Identified the +1 scale mail of the Elephant {rN++ Int+6}
  1750 | D:3      | Reached XP level 7. HP: 36/36 MP: 8/8
  1791 | D:4      | Noticed Grinder
  1813 | D:4      | Killed Grinder
  1895 | D:4      | Reached skill level 4 in Polearms
  2109 | D:4      | Gained mutation: You have razor-sharp teeth. [Vine Stalker
                  | growth]
  2109 | D:4      | Reached XP level 8. HP: 42/42 MP: 9/9
  2156 | D:5      | Entered Level 5 of the Dungeon
  2165 | D:5      | Found a radiant altar of Vehumet.
  2784 | D:6      | Noticed Edmund
  2833 | D:6      | Killed Edmund
  2834 | D:6      | Reached skill level 1 in Stealth
  2903 | D:6      | Reached skill level 1 in Evocations
  2909 | D:6      | Found a staircase to the Ecumenical Temple.
  3098 | D:6      | Noticed Eustachio
  3101 | D:6      | Noticed Maggie
  3108 | D:6      | Reached skill level 5 in Polearms
  3108 | D:6      | Reached XP level 9. HP: 46/46 MP: 8/10
  3113 | D:6      | Killed Eustachio
  3117 | D:6      | Slain by Maggie

Illustrated notes

Levels and vault maps discovered:
D:1:      lightli_arrival_chessboard, layout_basic,
          nicolae_ecumenical_snake_handling
D:2:      layout_basic, serial_shops, nicolae_shop_waterfront,
          kennysheep_generic_room_2
D:3:      layout_rooms, trog_butcher_becter, uniq_sigmund
D:4:      layout_rooms, st_stairs_8, minmay_gold_behind_fungi, uniq_grinder
D:5:      layout_loops_ring, vehumet_crystals
D:6:      layout_cave_pools, nicolae_tso_carved_into_rock,
          minmay_temple_entry_sparse_star, enter_ossuary_5,
          nicolae_concentric_dashed_squares_mild,
          chequers_serial_rivers_large_a, uniq_eustachio, uniq_edmund,
          uniq_maggie

Skill      XL: |  1  2  3  4  5  6  7  8  9 |
---------------+----------------------------+-----
Polearms       | 2 3 4 5 |  5.1
Fighting       | 3 4 |  4.4
Throwing       | 1 2 3 |  3.1
Dodging        | 1 2 3 4 |  4.2
Shields        | 3 4 |  4.4
Armour         | 3 4 |  4.6
Stealth        | 1 2 |  2.1
Evocations     | 1 |  1.4

Action                   |  1- 3 |  4- 6 |  7- 9 || total
-------------------------+-------+-------+-------++-------
Melee: Trident           |    53 |    99 |   140 ||   292
       Bite              |     8 |    17 |    40 ||    65
Throw: Dart              |     1 |     4 |     6 ||    11
       Boomerang         |       |       |     3 ||     3
Evoke: Wand              |       |       |    14 ||    14
  Use: Potion            |     1 |     1 |       ||     2
Armor: Scale mail        |    24 |    25 |    50 ||    99
Dodge: Dodged            |    24 |    36 |    47 ||   107
Block: Buckler           |    17 |    16 |    46 ||    79

Table legend: (Time is in decaauts)
 A = Elapsed time spent in this place.
 B = Non-inter-level travel time spent in this place.
 C = Inter-level travel time spent in this place.
 D = Time resting spent in this place.
 E = Time spent auto-exploring this place.
 F = Levels seen in this place.
 G = Mean time per level.
                   A        B        C        D        E       F      G
               +--------+--------+--------+--------+--------+-----+--------+
         Total |   3175 |   3107 |     68 |      0 |   2222 |   6 |  529.2 |
       Dungeon |   3175 |   3107 |     68 |      0 |   2222 |   6 |  529.2 |
               +--------+--------+--------+--------+--------+-----+--------+

Top non-repeatable levels by time:
     D:1: 705 daAuts
     D:5: 620 daAuts
     D:2: 566 daAuts
     D:3: 513 daAuts
     D:4: 413 daAuts
     D:6: 355 daAuts
